 Dungeon Crawl Stone Soup version 0.19-a0-1002-g674d22e (webtiles) character file.

576 mistymad the Skirmisher (level 7, -5/56 HPs)
             Began as a Formicid Abyssal Knight on July 18, 2016.
             Was a Priest of Lugonu.
             Killed by divine providence
             ... invoked by an orc priest
              (13 damage)
             ... on level 4 of the Dungeon.
             The game lasted 00:08:45 (5501 turns).

mistymad the Skirmisher (Formicid Abyssal Knight)   Turns: 5501, Time: 00:08:46

Health: -5/56      AC: 13    Str: 19    XL:     7   Next: 62%
Magic:  10/10      EV:  5    Int: 11    God:    Lugonu [***...]
Gold:   89         SH:  0    Dex: 10    Spells: 0 memorised, 6 levels left

rFire  . . .     SeeInvis +     a - +1 hand axe
rCold  . . .     Gourm    .     e - +0 plate armour
rNeg   . . .     Faith    .     (no shield)
rPois  .         Spirit   .     (helmet unavailable)
rElec  .         Dismiss  .     k - +0 cloak (curse)
rCorr  .         Reflect  .     (no gloves)
SustAt .         Harm     .     j - +0 pair of boots
MR     +....                    (no amulet)
Stlth  ..........               (no ring)
                                s - ring of protection from magic

@: heavily drained, somewhat resistant to hostile enchantments, extremely
unstealthy
A: permanent stasis, dig shafts and tunnels, four strong arms, antennae 3
a: Dig, Shaft Self, Depart the Abyss, Bend Space, Banish, Renounce Religion


You were on level 4 of the Dungeon.
You worshipped Lugonu.
Lugonu was most pleased with you.
You were not hungry.

You visited 1 branch of the dungeon, and saw 4 of its levels.
You visited the Abyss 1 time.

You collected 89 gold pieces.

Inventory:

Hand Weapons
 a - a +1 hand axe (weapon)
Armour
 e - a +0 plate armour (worn)
 j - a +0 pair of boots (worn)
 k - a cursed +0 cloak (worn)
Jewellery
 s - a ring of protection from magic (left hand)
Scrolls
 b - 4 scrolls of identify
 m - a scroll of fog
 o - 3 scrolls of remove curse
 t - a scroll of magic mapping {unknown}
Potions
 c - a potion of flight {unknown}
 f - a potion of haste
 g - 2 potions of curing {unknown}
 n - a potion of heal wounds {unknown}
 p - 2 potions of brilliance {unknown}
 q - a potion of might {unknown}
 r - a potion of berserk rage {unknown}
Comestibles
 d - 2 fruits
 h - a royal jelly
 i - 2 beef jerkies
 l - a meat ration


   Skills:
 + Level 5.4(4.0) Fighting
 + Level 4.1(2.8) Axes
 + Level 4.4(3.1) Armour
 - Level 1.2(0.0) Dodging
 + Level 4.9(3.5) Invocations


You had 6 spell levels left.
You didn't know any spells.

Dungeon Overview and Level Annotations

Branches:
Dungeon (4/15)
 Temple: D:4-7

Altars:
Ashenzari
Dithmenos
Nemelex Xobeh
Okawaru
Uskayaw

Annotations:
D:4 Amnesiac's ghost, novice TeCj


Innate Abilities, Weirdness & Mutations

You are under a permanent stasis effect.
You can dig through walls and to a lower floor.
Your four strong arms can wield two-handed weapons with a shield.
You have a pair of large antennae on your head. (SInv)


Message History

Beogh smites you!
* * * LOW HITPOINT WARNING * * *
You take 12 damage, and have 11/56 hp.
MASSIVE DAMAGE!!
Your plate armour prevents you from hitting the orc priest.
The orc priest is moderately wounded.
You feel sick.
You are no longer poisoned.
The orc priest hits you with a club.
* * * LOW HITPOINT WARNING * * *
You take 1 damage, and have 10/56 hp.
You closely miss the orc priest.
The orc priest is moderately wounded.
The orc priest hits you with a club.
* * * LOW HITPOINT WARNING * * *
You take 2 damage, and have 8/56 hp.
Your plate armour prevents you from hitting the orc priest.
The orc priest is moderately wounded.
The orc priest calls down the wrath of Beogh upon you.
Beogh smites you!
You die...

#....## #.....#
###### #.....#
..### ##....#
....### #.....#
.##...## #.....#
.###...###..>..#
## ###.........#
# ###......####
# ###..##{#@#
#####.####o##
#...{.# ###
......)..#
..........#
.......o..#
..........#
..........#
..........#


You could see an orc priest.

Vanquished Creatures
  Duvessa (D:4)
  A phantom (D:4)
  Dowan (D:4)
  An orc priest (D:4)
  2 orc wizards (D:4)
  A centaur skeleton (D:4)
  2 worker ants (D:4)
  A hound skeleton (D:4)
  4 adders
  2 oozes
  4 worms
  2 dart slugs
  A giant gecko (D:3)
  11 orcs
  A ball python (D:1)
  3 giant cockroaches
  11 goblins
  11 hobgoblins
  6 jackals (D:1)
  8 bats
  10 giant newts
  A jackal skeleton (D:3)
  6 kobolds
  3 rats
94 creatures vanquished.

Notes
Turn   | Place    | Note
-------+----------+-------------------------------------------
     0 | Abyss:1  | mistymad the Formicid Abyssal Knight began the quest for the Orb.
     0 | Abyss:1  | Reached XP level 1. HP: 18/18 MP: 2/2
    73 | D:1      | Escaped the Abyss
   140 | D:1      | Reached skill level 1 in Dodging
   185 | D:1      | Reached XP level 2. HP: 20/24 MP: 3/3
   519 | D:1      | Reached ** piety under Lugonu
   519 | D:1      | Reached XP level 3. HP: 24/29 MP: 4/4
  1582 | D:2      | Reached XP level 4. HP: 26/35 MP: 6/6
  1776 | D:2      | Found a sparkling altar of Nemelex Xobeh.
  1776 | D:2      | Found an iron altar of Okawaru.
  1855 | D:2      | Found a shattered altar of Ashenzari.
  2507 | D:3      | Reached skill level 4 in Fighting
  2544 | D:3      | Reached XP level 5. HP: 42/42 MP: 7/7
  2549 | D:3      | Reached *** piety under Lugonu
  2635 | D:3      | Noticed a hand axe
  2637 | D:3      | Noticed a dagger
  2638 | D:3      | Found a hide-covered altar of Uskayaw.
  2842 | D:3      | Found a shadowy altar of Dithmenos.
  2949 | D:4      | Noticed a phantom
  3529 | D:4      | Noticed Duvessa
  3530 | D:4      | Noticed Amnesiac's ghost (novice TeCj)
  3536 | D:4      | Noticed Dowan
  3976 | D:4      | Reached XP level 6. HP: 34/49 MP: 8/8
  4448 | D:4      | Killed Duvessa
  4745 | D:4      | Killed Dowan
  4745 | D:4      | Reached XP level 7. HP: 25/55 MP: 10/10
  5001 | D:4      | Reached skill level 5 in Fighting
  5501 | D:4      | Killed from afar by an orc priest

Vault maps used:
D:1:      dpeg_arrival_windows_large_door, st_stairs_11, minivault_4
D:2:      kennysheep_the_goblin_king, gammafunk_temple_overflow_statue,
          evilmike_ruin_ashenzari
D:3:      dancing_weapons_uskayaw, marbit_many_paths, grunt_ministairs_13
D:4:      uniq_duvessa

Skill      XL: |  1  2  3  4  5  6  7 |
---------------+----------------------+-----
Dodging        | 1 |  1.2
Invocations    | 3 4 |  4.9
Armour         | 3 4 |  4.4
Fighting       | 4 5 |  5.4
Axes           | 3 4 |  4.1

Action                   |  1- 3 |  4- 6 |  7- 9 || total
-------------------------+-------+-------+-------++-------
Melee: Hand axe          |   128 |   285 |   127 ||   540
 Abil: Dig               |       |     2 |     3 ||     5
  Use: Scroll            |     4 |     4 |       ||     8
  Eat: Chunk             |     2 |     5 |       ||     7
       Bread ration      |       |     1 |     1 ||     2
Armor: Leather armour    |     7 |       |       ||     7
       Plate armour      |    98 |   220 |    80 ||   398
Dodge: Dodged            |    66 |    68 |    29 ||   163
